General information
- name: BNet
- type: Ladder team game (AT/RT)
- host: Battle.net
- saver: Mata.
map: CopperCanyon
- players: 6
- length: 35:29
- speed: Fast
- version: 1.21 W3XP
- replay type:

» download(253 KB)
Players
team 1 (winner)
dirtmcwordup (
yellow | 81 APM | 2865 actions | 35:29)
4 Paladin
2 Holy Light
2 Divine Shield
4 Archmage
2 Blizzard
2 Brilliance Aura
» actions
| Assign group hotkey | 5 | |
| Basic commands | 88 | |
| Build / train | 138 | |
| ESC pressed | 1 | |
| Enter build submenu | 106 | |
| Enter hero's abilities submenu | 8 | |
| Give item / drop item | 2 | |
| Right click | 1202 | |
| Select / deselect | 295 | |
| Select group hotkey | 706 | |
| Use ability | 314 | |
2865 total
» units
» upgrades
| Masonry | 3 | |
| Magic Sentry | 1 | |
| Lumber Harvesting | 2 | |
| Gunpowder | 3 | |
| Flare | 1 | |
| Fragmentation Shards | 1 | |
11 total
» buildings
| Altar of Kings | 2 | |
| Lumber Mill | 2 | |
| Farm | 5 | |
| Scout Tower | 165 | |
| Arcane Tower | 2 | |
| Guard Tower | 60 | |
| Keep | 2 | |
| Town Hall | 4 | |
| Arcane Sanctum | 1 | |
| Arcane Vault | 1 | |
| Blacksmith | 1 | |
| Castle | 2 | |
| Workshop | 1 | |
| Gryphon Aviary | 1 | |
249 total
» build order
00:11 Altar of Kings
00:17 Lumber Mill
00:23 Farm
00:55 Farm
01:05 Scout Tower
01:20 Scout Tower
01:47 Arcane Tower
01:48 Scout Tower
01:49 Scout Tower
02:05 Scout Tower
02:07 Arcane Tower
02:25 Guard Tower
02:28 Scout Tower
02:28 Scout Tower
02:36 Guard Tower
02:39 Scout Tower
02:39 Scout Tower
02:40 Scout Tower
02:41 Scout Tower
02:49 Scout Tower
02:51 Scout Tower
02:55 Scout Tower
03:01 Scout Tower
03:02 Scout Tower
03:40 Guard Tower
03:41 Scout Tower
03:42 Scout Tower
03:47 Guard Tower
04:26 Scout Tower
04:26 Scout Tower
04:28 Guard Tower
04:32 Guard Tower
04:38 Guard Tower
04:43 Guard Tower
04:46 Scout Tower
04:47 Scout Tower
04:48 Scout Tower
04:48 Scout Tower
04:50 Scout Tower
04:51 Scout Tower
04:53 Keep
04:59 Scout Tower
05:01 Scout Tower
05:19 Guard Tower
05:47 Guard Tower
06:38 Town Hall
06:48 Scout Tower
06:48 Scout Tower
06:49 Scout Tower
06:50 Scout Tower
06:51 Scout Tower
06:52 Scout Tower
06:52 Scout Tower
06:53 Scout Tower
06:54 Scout Tower
06:54 Scout Tower
06:55 Scout Tower
07:10 Scout Tower
07:11 Scout Tower
07:11 Scout Tower
07:12 Scout Tower
07:13 Scout Tower
07:13 Scout Tower
07:17 Guard Tower
07:27 Guard Tower
07:31 Scout Tower
07:32 Scout Tower
07:33 Scout Tower
07:33 Scout Tower
07:34 Scout Tower
07:34 Scout Tower
07:35 Scout Tower
07:36 Scout Tower
08:05 Guard Tower
08:07 Guard Tower
08:10 Guard Tower
08:12 Arcane Sanctum
08:16 Scout Tower
08:17 Scout Tower
08:17 Scout Tower
08:18 Scout Tower
08:19 Scout Tower
08:20 Scout Tower
08:20 Scout Tower
08:21 Scout Tower
08:22 Guard Tower
08:45 Guard Tower
08:50 Guard Tower
09:15 Guard Tower
09:20 Guard Tower
09:24 Guard Tower
09:25 Guard Tower
09:32 Guard Tower
09:35 Scout Tower
09:36 Scout Tower
09:40 Scout Tower
09:40 Scout Tower
09:44 Guard Tower
09:47 Guard Tower
09:52 Scout Tower
09:52 Scout Tower
09:53 Scout Tower
09:53 Scout Tower
09:58 Guard Tower
10:05 Guard Tower
10:06 Scout Tower
10:08 Scout Tower
10:15 Guard Tower
10:24 Scout Tower
10:25 Scout Tower
10:26 Scout Tower
10:26 Scout Tower
10:39 Guard Tower
10:41 Guard Tower
10:59 Guard Tower
11:05 Farm
11:07 Farm
11:10 Arcane Vault
11:11 Scout Tower
11:13 Scout Tower
11:22 Guard Tower
11:27 Lumber Mill
12:10 Guard Tower
12:14 Guard Tower
12:19 Guard Tower
12:37 Scout Tower
12:38 Scout Tower
12:39 Scout Tower
12:39 Scout Tower
12:50 Scout Tower
12:50 Scout Tower
12:51 Scout Tower
12:52 Scout Tower
12:53 Scout Tower
12:54 Scout Tower
12:55 Scout Tower
12:56 Scout Tower
12:57 Scout Tower
12:57 Scout Tower
13:05 Scout Tower
13:08 Scout Tower
13:09 Scout Tower
13:10 Scout Tower
13:18 Guard Tower
13:40 Scout Tower
13:41 Scout Tower
13:44 Scout Tower
13:44 Scout Tower
13:45 Scout Tower
13:47 Scout Tower
13:49 Scout Tower
13:50 Scout Tower
13:55 Guard Tower
13:57 Blacksmith
14:00 Scout Tower
14:01 Scout Tower
14:02 Scout Tower
14:03 Scout Tower
14:10 Castle
14:28 Guard Tower
14:39 Guard Tower
14:43 Guard Tower
15:00 Guard Tower
15:14 Guard Tower
15:37 Scout Tower
15:38 Scout Tower
15:40 Scout Tower
15:40 Scout Tower
16:09 Guard Tower
16:36 Guard Tower
16:57 Workshop
16:59 Guard Tower
17:01 Gryphon Aviary
19:09 Farm
19:22 Guard Tower
20:08 Keep
23:39 Scout Tower
23:40 Scout Tower
23:40 Scout Tower
23:41 Scout Tower
23:42 Scout Tower
23:43 Scout Tower
24:21 Guard Tower
24:23 Scout Tower
24:23 Scout Tower
24:24 Scout Tower
24:24 Scout Tower
24:25 Scout Tower
24:26 Scout Tower
24:31 Scout Tower
24:32 Scout Tower
24:32 Scout Tower
24:33 Scout Tower
24:34 Scout Tower
25:08 Guard Tower
25:17 Guard Tower
25:20 Town Hall
25:24 Scout Tower
25:26 Guard Tower
25:51 Guard Tower
26:18 Scout Tower
26:19 Scout Tower
26:20 Scout Tower
26:20 Scout Tower
26:21 Scout Tower
27:31 Altar of Kings
27:37 Scout Tower
27:38 Scout Tower
27:38 Scout Tower
27:39 Scout Tower
27:46 Town Hall
27:48 Scout Tower
27:49 Scout Tower
27:49 Scout Tower
27:50 Scout Tower
27:52 Scout Tower
27:52 Scout Tower
27:53 Scout Tower
27:53 Scout Tower
27:54 Scout Tower
27:55 Scout Tower
27:55 Scout Tower
27:56 Scout Tower
27:57 Scout Tower
27:58 Scout Tower
27:58 Scout Tower
27:59 Scout Tower
28:47 Guard Tower
29:01 Guard Tower
29:03 Guard Tower
29:12 Guard Tower
29:42 Guard Tower
30:02 Guard Tower
30:06 Guard Tower
31:04 Guard Tower
31:16 Guard Tower
31:26 Castle
34:19 Town Hall
34:23 Scout Tower
34:24 Scout Tower
34:26 Scout Tower
34:26 Scout Tower
34:27 Scout Tower
34:28 Scout Tower
34:29 Scout Tower
34:31 Scout Tower
34:32 Scout Tower
34:33 Scout Tower
34:35 Scout Tower
» items
| Potion of Healing | 7 | |
| Potion of Mana | 3 | |
| Lesser Clarity Potion | 2 | |
| Staff of Sanctuary | 1 | |
| Orb of Fire | 1 | |
| Scroll of Regeneration | 1 | |
| Staff of Teleportation | 2 | |
| Boots of Speed | 1 | |
| Scroll of Town Portal | 2 | |
20 total

»
iggy_the_fisk (
orange | 55 APM | 1934 actions | 35:29)
3 Death Knight
2 Death Coil
1 Unholy Aura
3 Crypt Lord
2 Impale
1 Spiked Carapace
» actions
| Assign group hotkey | 50 | |
| Basic commands | 44 | |
| Build / train | 38 | |
| Enter build submenu | 23 | |
| Enter hero's abilities submenu | 6 | |
| Give item / drop item | 4 | |
| Remove unit from queue | 1 | |
| Right click | 1185 | |
| Select / deselect | 342 | |
| Select group hotkey | 156 | |
| Use ability | 85 | |
1934 total
» units
| Acolyte | 3 | |
| Ghoul | 4 | |
| Crypt Fiend | 9 | |
| Obsidian Statue | 2 | |
18 total
» upgrades
» buildings
| Crypt | 1 | |
| Ziggurat | 7 | |
| Altar of Darkness | 2 | |
| Graveyard | 1 | |
| Tomb of Relics | 1 | |
| Halls of the Dead | 1 | |
| Spirit Tower | 1 | |
| Nerubian Tower | 1 | |
| Slaughterhouse | 1 | |
| Black Citadel | 1 | |
| Necropolis | 1 | |
18 total
» build order
00:06 Crypt
00:09 Ziggurat
00:34 Altar of Darkness
01:09 Graveyard
02:00 Ziggurat
04:01 Ziggurat
04:09 Tomb of Relics
05:09 Halls of the Dead
06:16 Ziggurat
06:35 Spirit Tower
06:38 Nerubian Tower
08:12 Slaughterhouse
08:58 Black Citadel
10:17 Ziggurat
10:33 Spirit Tower
12:27 Ziggurat
22:49 Necropolis
24:56 Altar of Darkness
24:59 Ziggurat
» items
| Rod of Necromancy | 1 | |
| Dust of Appearance | 1 | |
| Potion of Healing | 1 | |
| Scroll of Town Portal | 2 | |
5 total
Mata. (
pink | 161 APM | 5706 actions | 35:29)
5 Warden
3 Shadow Strike
2 Blink
4 Pandaren Brewmaster
2 Breath of Fire
2 Drunken Haze
» actions
| Assign group hotkey | 701 | |
| Basic commands | 18 | |
| Build / train | 88 | |
| Enter build submenu | 20 | |
| Enter hero's abilities submenu | 9 | |
| Give item / drop item | 2 | |
| Remove unit from queue | 6 | |
| Right click | 2727 | |
| Select / deselect | 914 | |
| Select group hotkey | 1053 | |
| Use ability | 168 | |
5706 total
» units
» upgrades
| Nature's Blessing | 1 | |
| Well Spring | 1 | |
| Corrosive Breath | 1 | |
| Reinforced Hides | 3 | |
| Ultravision | 1 | |
7 total
» buildings
| Altar of Elders | 1 | |
| Moon Well | 8 | |
| Tree of Ages | 2 | |
| Tree of Life | 1 | |
| Tree of Eternity | 2 | |
| Hunter's Hall | 1 | |
| Ancient of Wind | 1 | |
| Chimaera Roost | 2 | |
| Ancient of Wonders | 1 | |
19 total
» build order
00:04 Altar of Elders
00:17 Moon Well
01:45 Moon Well
03:21 Moon Well
03:45 Moon Well
03:46 Moon Well
05:19 Tree of Ages
06:47 Tree of Life
09:38 Tree of Eternity
09:39 Tree of Eternity
10:15 Hunter's Hall
10:19 Ancient of Wind
12:37 Chimaera Roost
12:38 Chimaera Roost
12:49 Moon Well
12:51 Moon Well
12:59 Ancient of Wonders
29:09 Moon Well
» items
| Staff of Teleportation | 3 | |
| Boots of Speed | 1 | |
| Orb of Corruption | 1 | |
| Staff of Preservation | 1 | |
| Orb of Venom | 1 | |
| Potion of Healing | 1 | |
| Scroll of Town Portal | 2 | |
| Moonstone | 1 | |
11 total
team 2 (loser)
BIOTIME (
teal | 89 APM | 2249 actions | 25:17)
3 Blademaster
2 Wind Walk
1 Critical Strike
3 Shadow Hunter
1 Hex
2 Healing Wave
» actions
| Assign group hotkey | 30 | |
| Basic commands | 73 | |
| Build / train | 55 | |
| ESC pressed | 4 | |
| Enter build submenu | 34 | |
| Enter hero's abilities submenu | 7 | |
| Give item / drop item | 1 | |
| Remove unit from queue | 4 | |
| Right click | 968 | |
| Select / deselect | 385 | |
| Select group hotkey | 589 | |
| Use ability | 99 | |
2249 total
» units
| Peon | 15 | |
| Grunt | 2 | |
| Demolisher | 4 | |
| Troll Headhunter/Berserker | 6 | |
| Troll Batrider | 6 | |
33 total
» upgrades
| Ranged Weapons | 2 | |
| Burning Oil | 1 | |
| Berserker Upgrade | 1 | |
4 total
» buildings
| Altar of Storms | 1 | |
| Orc Burrow | 15 | |
| Barracks | 2 | |
| Voodoo Lounge | 1 | |
| Stronghold | 2 | |
| War Mill | 2 | |
| Great Hall | 2 | |
| Fortress | 1 | |
| Beastiary | 5 | |
| Spirit Lodge | 1 | |
32 total
» build order
00:09 Altar of Storms
00:21 Orc Burrow
00:37 Barracks
02:02 Voodoo Lounge
02:41 Stronghold
02:47 Orc Burrow
03:06 War Mill
03:39 Barracks
05:13 War Mill
05:24 Orc Burrow
05:29 Orc Burrow
06:52 Great Hall
08:53 Fortress
09:01 Great Hall
09:27 Orc Burrow
13:06 Beastiary
13:12 Orc Burrow
14:20 Orc Burrow
17:55 Orc Burrow
17:57 Orc Burrow
19:23 Orc Burrow
19:24 Orc Burrow
19:25 Orc Burrow
19:26 Orc Burrow
19:27 Orc Burrow
19:28 Orc Burrow
21:41 Stronghold
24:07 Spirit Lodge
24:19 Beastiary
24:42 Beastiary
24:48 Beastiary
24:51 Beastiary
» items
| Healing Salve | 2 | |
| Dust of Appearance | 1 | |
3 total
GOODTEAM (
red | 77 APM | 2728 actions | 35:28)
5 Blademaster
2 Wind Walk
3 Critical Strike
2 Goblin Alchemist
1 Healing Spray
1 Chemical Rage
» actions
| Assign group hotkey | 47 | |
| Build / train | 71 | |
| Enter build submenu | 18 | |
| Enter hero's abilities submenu | 7 | |
| Right click | 1179 | |
| Select / deselect | 497 | |
| Select group hotkey | 835 | |
| Use ability | 73 | |
2728 total
» units
| Peon | 8 | |
| Grunt | 9 | |
| Troll Batrider | 34 | |
| Raider | 2 | |
| Troll Headhunter/Berserker | 5 | |
58 total
» buildings
| Altar of Storms | 1 | |
| Orc Burrow | 7 | |
| Barracks | 2 | |
| Voodoo Lounge | 1 | |
| Stronghold | 1 | |
| Beastiary | 2 | |
| Great Hall | 2 | |
| Fortress | 1 | |
17 total
» build order
00:11 Altar of Storms
00:15 Orc Burrow
00:49 Barracks
01:33 Orc Burrow
02:01 Barracks
02:17 Voodoo Lounge
02:44 Orc Burrow
04:45 Stronghold
05:38 Orc Burrow
05:59 Orc Burrow
07:12 Beastiary
07:51 Beastiary
08:07 Orc Burrow
08:50 Orc Burrow
15:30 Great Hall
20:58 Great Hall
30:42 Fortress
» items
| Healing Salve | 1 | |
| Scroll of Speed | 1 | |
2 total
NEM- (
green | 68 APM | 2417 actions | 35:25)
5 Death Knight
3 Death Coil
1 Unholy Aura
1 Death Pact
4 Lich
2 Frost Nova
2 Frost Armor
2 Crypt Lord
1 Impale
1 Spiked Carapace
» actions
| Assign group hotkey | 31 | |
| Basic commands | 356 | |
| Build / train | 55 | |
| ESC pressed | 5 | |
| Enter build submenu | 19 | |
| Enter hero's abilities submenu | 11 | |
| Give item / drop item | 3 | |
| Right click | 702 | |
| Select / deselect | 343 | |
| Select group hotkey | 784 | |
| Use ability | 108 | |
2417 total
» units
| Acolyte | 11 | |
| Ghoul | 2 | |
| Crypt Fiend | 13 | |
| Obsidian Statue | 2 | |
28 total
» upgrades
| Creature Attack | 1 | |
| Burrow | 1 | |
| Web | 1 | |
| Creature Carapace | 1 | |
4 total
» buildings
| Graveyard | 1 | |
| Crypt | 1 | |
| Altar of Darkness | 1 | |
| Ziggurat | 6 | |
| Tomb of Relics | 2 | |
| Nerubian Tower | 1 | |
| Halls of the Dead | 1 | |
| Slaughterhouse | 1 | |
| Black Citadel | 1 | |
| Necropolis | 1 | |
16 total
» build order
00:11 Graveyard
00:13 Crypt
00:47 Altar of Darkness
01:02 Ziggurat
01:33 Tomb of Relics
01:36 Tomb of Relics
02:02 Nerubian Tower
02:12 Ziggurat
04:34 Ziggurat
05:07 Halls of the Dead
07:15 Ziggurat
07:49 Slaughterhouse
07:52 Ziggurat
08:23 Ziggurat
10:12 Black Citadel
31:01 Necropolis
» items
| Rod of Necromancy | 1 | |
| Orb of Corruption | 1 | |
| Potion of Healing | 1 | |
| Scroll of Town Portal | 1 | |
| Dust of Appearance | 1 | |
| Boots of Speed | 1 | |
6 total
Chat log
(00:03 / Allies) dirtmcwordup: scout garg feed plz
(00:10 / Allies) Mata.: gills more complicated than you think probably
(00:34 / Allies) Mata.: scout that then
(00:38 / Allies) dirtmcwordup: stinky iggy can you get some fiends ill tower yo a little
(00:39 / Allies) Mata.: i'll scout aboeve me
(00:46 / Allies) dirtmcwordup: dont got the sources for dat mata
(00:53 / Allies) Mata.: ok nerd fag ;-)
(00:58 / Allies) dirtmcwordup: suck yon dick
(01:15 / Allies) Mata.: a rax !!!!
(01:27 / Allies) dirtmcwordup: no that a altar
(01:32 / Allies) Mata.: oob?|
(01:34 / Allies) Mata.: noob?
(01:35 / Allies) dirtmcwordup: i c nothing
(01:37 / Allies) dirtmcwordup: on my screen
(01:40 / Allies) dirtmcwordup: nor my mmap
(01:44 / Allies) dirtmcwordup: (mini-map)
(01:45 / Allies) Mata.: ahh
(01:47 / Allies) Mata.: noob then
(02:17 / All) NEM-: :DDDDDLOLLLLLLLLLLLLLLLLLLLLLLLLLLLLLLLLLLL
(02:50 / All) NEM-: goodteam is noob harass me plz
(02:53 / All) NEM-: not him ty
(03:02 / All) GOODTEAM: :)
(03:33 / Allies) Mata.: per chance build a tower?
(03:57 / Allies) Mata.: that one has item?
(04:02 / Allies) Mata.: they hate fags
(04:12 / Allies) dirtmcwordup: is bshit
(04:13 / Allies) Mata.: fuck me
(04:18 / Allies) dirtmcwordup: gross
(04:44 / Allies) dirtmcwordup: gold
(05:34 / Allies) dirtmcwordup: go harawss them im gonna fexpo.
(05:44 / Allies) Mata.: 2x blade na thx
(06:02 / Allies) Mata.: na ty... thx tho
(06:10 / Allies) Mata.: thx u for askin
(06:15 / Allies) Mata.: tower this
(07:01 / Allies) dirtmcwordup: lets harass
(07:04 / Allies) Mata.: lets tower
(07:05 / Allies) dirtmcwordup: keep them from harassing our expo
(07:16 / Allies) Mata.: lets upgrade
(08:02 / Allies) Mata.: upgrade towers
(08:36 / All) NEM-: SS
(08:38 / Allies) dirtmcwordup: lmao
(08:40 / Allies) dirtmcwordup: haha
(08:41 / Allies) dirtmcwordup: he does it
(08:42 / Allies) dirtmcwordup: after
(08:43 / Allies) dirtmcwordup: i die
(08:54 / Allies) dirtmcwordup: this gonna die probably
(09:02 / Allies) Mata.: wonder if i can blink
(09:14 / Allies) iggy_the_fisk: upg fast
(09:16 / Allies) Mata.: upgrade noob :-)
(09:17 / Allies) dirtmcwordup: lum
(10:06 / Allies) Mata.: they creepin i guess
(10:11 / Allies) dirtmcwordup: good
(10:28 / Allies) dirtmcwordup: upg zig
(10:30 / Allies) dirtmcwordup: to towers
(11:07 / Allies) Mata.: bats about
(11:17 / Allies) Mata.: you shuldnt web those or nothin
(12:16 / All) GOODTEAM: gg
(12:27 / Allies) dirtmcwordup: ulm
(12:45 / Allies) dirtmcwordup: get aco out
(13:29 / Allies) Mata.: get some aoe
(14:30 / Allies) dirtmcwordup: lum
(14:49 / All) NEM-: make more tower noob
(14:51 / All) BIOTIME: make more tower plz
(16:39 / All) GOODTEAM: gg
(17:02 / Allies) Mata.: thanks timg !
(17:12 / Allies) dirtmcwordup: you have control for a reason
(20:20 / Allies) dirtmcwordup: lum
(20:36 / Allies) Mata.: we got a long ways to go
(21:06 / Allies) Mata.: teal neutralized for a while
(22:17 / Allies) dirtmcwordup: coming
(22:20 / Allies) dirtmcwordup: gree dk tp with 1 hp
(22:24 / Allies) dirtmcwordup: so hell be gone for 30 sec
(22:40 / Allies) Mata.: what
(22:48 / Allies) dirtmcwordup: green expo at iggy
(23:19 / Allies) Mata.: took out a lot of teal
(24:01 / Allies) dirtmcwordup: hit dat
(24:03 / Allies) Mata.: on my way
(24:22 / Allies) Mata.: have to go thru trees
(24:40 / Allies) dirtmcwordup: abts inc
(24:41 / Allies) dirtmcwordup: wathc out
(25:09 / Allies) dirtmcwordup: gold
(25:11 / Allies) dirtmcwordup: for this
(25:21 / All) dirtmcwordup: gg
(26:01 / Allies) Mata.: i'd have to heal
(26:03 / Allies) dirtmcwordup: take ill send towers
(26:05 / Allies) Mata.: before next hit
(27:07 / Allies) Mata.: heh nice tim
(27:27 / Allies) dirtmcwordup: level 2 div shield about freaken time
(28:00 / Allies) Mata.: ghey
(28:12 / Allies) iggy_the_fisk: 200 gold
(28:50 / Allies) Mata.: prepping for the finale
(29:20 / Allies) Mata.: sending
(29:37 / Allies) Mata.: dang
(29:45 / Allies) iggy_the_fisk: uh what
(29:48 / Allies) iggy_the_fisk: they doin
(29:59 / Allies) dirtmcwordup: letting my towers upg
(30:00 / Allies) dirtmcwordup: i guess
(30:06 / Allies) iggy_the_fisk: wachov
(30:15 / Allies) Mata.: going for ud expo
(30:16 / Allies) iggy_the_fisk: madness
(30:17 / Allies) Mata.: yo
(30:18 / Allies) Mata.: lets assemble
(30:20 / Allies) Mata.: i can take teh ud
(30:25 / Allies) dirtmcwordup: lemme buy tp first
(30:30 / Allies) Mata.: hurrey
(30:38 / Allies) Mata.: waiting for 3rd armor upgrade
(30:50 / Allies) dirtmcwordup: i got landy
(30:53 / Allies) dirtmcwordup: ofc we win
(30:54 / Allies) iggy_the_fisk: 300 gold
(30:56 / Allies) Mata.: A Sweet Hero
(30:59 / Allies) Mata.: get from timg i'm poo
(31:11 / Allies) dirtmcwordup: yeah i just expo all over da place.
(31:24 / Allies) dirtmcwordup: bringen some mort
(31:25 / Allies) Mata.: wait for my panda
(31:29 / Allies) Mata.: well he'll be here
(31:55 / All) Mata.: gg
(32:04 / Allies) dirtmcwordup: lmao
(32:08 / Allies) dirtmcwordup: guy sees and turns arnd
(32:17 / Allies) Mata.: watch bat
(32:25 / Allies) Mata.: dunno where they are exactly
(32:51 / Allies) iggy_the_fisk: lagspiking all over da place
(33:01 / Allies) dirtmcwordup: lmao
(33:25 / All) Mata.: leave
(33:48 / All) Mata.: i said leave
(33:54 / All) NEM-: lol
(33:57 / All) GOODTEAM: lol
(33:59 / All) dirtmcwordup: leave trash;
(34:09 / Allies) Mata.: take
(34:13 / Allies) Mata.: i'll take that
(34:31 / Allies) iggy_the_fisk: this would be the time
(34:34 / Allies) iggy_the_fisk: where they start making towers
(34:44 / Allies) Mata.: orc ones??
(34:51 / Allies) iggy_the_fisk: sometimes aps!!!
(35:08 / All) Mata.: you guys can still win :-)
(35:21 / All) iggy_the_fisk: we noobs so u never kno...
(35:28 / All) Mata.: gg